[Event "*** Titled Tuesday Blitz"]
[Site "Chess.com"]
[Date "2021.02.09"]
[Round "2"]
[White "Homino"]
[Black "ehrenfeld"]
[Result "0-1"]
[WhiteElo "2281"]
[BlackElo "2506"]
[TimeControl "180+1"]
[EndTime "10:20:22 PST"]
[Termination "ehrenfeld won by resignation"]

1. e4 e5 2. Nf3 Nc6 3. Bb5 a6 4. Ba4 Nf6 5. O-O Be7 6. Re1 b5 7. Bb3 d6 8. c3 O-O 9. h3 Na5 10.
Bc2 c5 11. d4 Qc7 12. Nbd2 Bd7 13. Nf1 Rfe8 14. d5 c4 15. Bg5 Nb7 16. a4 Nc5 17. a5 Rec8 18. Ng3 g6 19. Nh2 Qd8 20. Bh6 Be8 21. Qd2 Nb7 22. Nf5 Nd7 23. Nxe7+ Qxe7 24. Ng4 f6 25. f4 exf4 26. Bxf4 Ne5 27. Rf1 Bd7 28.
Nxe5 dxe5 29. Be3 Nd6 30. Qf2 Rf8 31. Qh4 Rf7 32. Bc5 Raf8 33. Rf2 Bc8 34. Raf1 Qd8 35.
Qh6 Rd7 36. Rf3 Rff7 37. R3f2 Ne8 38. Bd1 Nd6 39. Bg4 Nxe4 40. Bxd7 Bxd7 41. Be3 f5 42.
Re2 Bc8 43. Bc1 Qxd5 44. Qe3 Bb7 45. Qb6 Qc6 46. Qxc6 Bxc6 47. Rd1 Rd7 48. Rxd7 Bxd7 49. Re1 Kf7 50. Rd1 Ke6 51. Be3 f4 52. Bb6 g5 53.
Re1 Bc6 54. Bc7 Bd5 55. Bb8 h5 56. Bc7 g4 57. hxg4 hxg4 58. Bb8 Kf5 59. Rd1 Ke6 60. Re1 Kf5 61. Rd1 Nf6 62. Re1 Be4 63. Rd1 Nd5 64.
Ba7 g3 65. Re1 Bd3 66. Bb8 e4 67. Rf1 Kg4 68. Re1 f3 69. gxf3+ exf3 70. Rd1 f2+ 71. Kh1 f1=Q+ 72. Rxf1 Bxf1 73. Kg1 Bd3 74. Ba7 Be4 75. Bc5 Kf3 76. Bd4 Nf4 77. Bc5 Nh3+ 78.
Kf1 g2+ 79. Ke1 g1=Q+ 80. Bxg1 Nxg1 81. Kd2 Ne2 82. Kd1 Ke3 83. Ke1 Nxc3 84. bxc3 Kd3 85. Kd1 Kxc3 86. Kc1 Kb4 87. Kb2 Kxa5 0-1

[Event "*** Titled Tuesday Blitz"]
[Site "Chess.com"]
[Date "2021.02.09"]
[Round "2"]
[White "JQuiroga18"]
[Black "Fighterman91"]
[Result "0-1"]
[WhiteElo "2411"]
[BlackElo "2668"]
[TimeControl "180+1"]
[EndTime "10:20:35 PST"]
[Termination "Fighterman91 won on time"]

1. e4 c6 2. Nf3 d5 3. Nc3 dxe4 4. Nxe4 Nf6 5. Ng3 e6 6. d4 c5 7. Bb5+ Bd7 8. Bxd7+ Qxd7 9. O-O Nc6 10. dxc5 Bxc5 11. Bg5 Qxd1 12. Rfxd1 Be7 13. c4 O-O 14. Rac1 Rfd8 15.
h3 h6 16. Be3 Nb4 17. a3 Nd3 18. Rb1 a5 19. Bb6 Rd7 20. a4 Ra6 21. Be3 Nc5 22. Bxc5 Bxc5 23. Ne5 Rxd1+ 24. Rxd1 Rd6 25. Rxd6 Bxd6 26.
Nd3 Bxg3 27. fxg3 Ne4 28. g4 Nd2 29. c5 Nc4 30. b4 axb4 31. Nxb4 Kf8 32. Kf2 Ke7 33.
Ke2 Kd7 34. Kd3 Nb2+ 35. Kc3 Nxa4+ 36. Kc4 Kc7 37. Kb5 Nc3+ 38. Kc4 Nd1 39. Nc2 Nf2 40.
Kd4 Nd1 41. Kc4 Nb2+ 42. Kb3 Nd3 43. Kc4 Ne5+ 44. Kd4 Nc6+ 45. Kc4 Kd7 46. Ne3 f6 47. h4 Kc7 48. Kd3 Ne5+ 49. Kd4 Kc6 50. g3 Nd7 51. g5 hxg5 52. hxg5 Nxc5 53. gxf6 gxf6 54. Nc4 Nd7 55. Na5+ Kc7 56. g4 b6 57.
Nc4 Kc6 58. Nd2 b5 59. Ne4 Kb6 60. g5 fxg5 61. Nxg5 Nc5 62. Kc3 Ka5 63. Kb2 Kb4 64.
Nf3 Kc4 65. Ne5+ Kd5 66. Nf3 e5 67. Kc3 Na6 68. Nd2 Kc5 69. Nb3+ Kd5 70. Nd2 Nc7 71. Kb4 Kc6 72. Nf3 Nd5+ 73. Kb3 Kd6 74. Nd2 Kc5 75. Kc2 Kd4 76. Nb3+ Ke3 77. Nc5 e4 78. Kb3 b4 79.
Kc4 Kd2 80. Kxd5 e3 81. Nb3+ Kc3 82. Nd4 b3 83. Ke4 b2 84. Ne2+ Kd2 0-1

[Event "*** Titled Tuesday Blitz"]
[Site "Chess.com"]
[Date "2021.02.09"]
[Round "2"]
[White "LawrenceTrent"]
[Black "TheCairnTerrier"]
[Result "1-0"]
[WhiteElo "2600"]
[BlackElo "2170"]
[TimeControl "180+1"]
[EndTime "10:20:35 PST"]
[Termination "LawrenceTrent won on time"]

1. d4 Nf6 2. Nc3 d5 3. Bf4 e6 4.
e3 Bd6 5. Qf3 a5 6. g4 Bb4 7. Ne2 Ne4 8. a3 Bxc3+ 9. Nxc3 Nxc3 10. bxc3 b6 11. Qg3 Ra7 12. g5 Ba6 13. h4 Bxf1 14.
Kxf1 Nd7 15. h5 Qc8 16. Kg2 c5 17. g6 fxg6 18. hxg6 h6 19. Bxh6 gxh6 20. g7 Rg8 21. Qg6+ Kd8 22. Rxh6 Kc7 23. Rg1 Qe8 24. Kf1 Qxg6 25.
Rgxg6 Raa8 26. f4 Rae8 27. Ke2 Re7 28. Rh7 Kd8 29. Rh8 Ree8 30. Rxe6 Rxh8 31. gxh8=Q Rxh8 32. Rd6 Rh5 33. dxc5 bxc5 34. Ra6 Rh2+ 35. Kd1 Rh1+ 36. Kd2 Rh2+ 37. Kc1 Re2 38. Re6 Kc7 39. Kd1 Rh2 40. Ra6 Rh1+ 41. Ke2 Rh2+ 42. Kd1 Rh1+ 43. Kd2 Rh2+ 44.
Kc1 Rh1+ 45. Kb2 Re1 46. Re6 Re2 47. c4 dxc4 48. Kc3 Nb6 49. e4 Na4+ 50. Kxc4 Nb6+ 51. Kxc5 Rxc2+ 52. Kb5 Rb2+ 53. Ka6 Nc4 54. f5 Re2 55. f6 Nxa3 56. Re7+ Kd6 57. e5+ Kd5 58. f7 Rf2 59. e6 Kd6 60. Re8 Nc4 61. f8=Q+ Rxf8 62. Rxf8 Kxe6 63. Kb5 Ne5 64. Kxa5 Nd7 65. Rh8 Ne5 66.
Kb5 Nd7 67. Kc4 Ne5+ 68. Kd4 Nd7 69. Rh6+ Nf6 70. Rh1 Nd7 71. Re1+ Kd6 72. Ra1 Kc6 73. Ra6+ Nb6 74. Ra2 Nd7 75. Rf2 Kd6 76. Re2 Nb6 77. Rh2 Nd7 78. Rh6+ Ke7 79. Ke4 Nf6+ 80. Kf5 Nd7 81.
Rh7+ Kd6 82. Rh6+ Ke7 83. Re6+ Kd8 84. Ra6 Kc7 85. Rh6 Nb6 86. Ke5 Nd7+ 87. Kd5 Nb6+ 88. Kc5 Nd7+ 89. Kb5 Ne5 90. Rf6 Nd7 91. Re6 Kd8 92.
Kc6 Nb8+ 93. Kd6 Kc8 94. Re7 Kd8 95. Rh7 Kc8 96. Ra7 Kd8 97. Rc7 Na6 98. Rb7 1-0

[Event "*** Titled Tuesday Blitz"]
[Site "Chess.com"]
[Date "2021.02.09"]
[Round "2"]
[White "azikom"]
[Black "Matensien"]
[Result "0-1"]
[WhiteElo "2645"]
[BlackElo "2398"]
[TimeControl "180+1"]
[EndTime "10:20:38 PST"]
[Termination "Matensien won by resignation"]

1. e4 c5 2. Nc3 g6 3. g3 Bg7 4. Bg2 Nc6 5. d3 Nf6 6. Be3 d6 7. h3 O-O 8. Qd2 Rb8 9. Bh6 Nd4 10. Bxg7 Kxg7 11. Nge2 e5 12. f4 exf4 13. Nxf4 b5 14. O-O b4 15. Nce2 Nxe2+ 16. Qxe2 Be6 17. e5 dxe5 18. Qxe5 Qd4+ 19. Qxd4 cxd4 20. Nxe6+ fxe6 21. Rae1 Rb6 22. Rf4 Rd8 23. Ref1 e5 24. R4f2 Rd7 25. g4 h6 26. Re1 Re7 27. Rfe2 Rb5 28. Bc6 Rc5 29.
Ba4 a5 30. Kh2 Nh7 31. Kg3 Nf8 32. Re4 Kf6 33. Rf1+ Kg7 34. Rfe1 Kf6 35. R4e2 Nd7 36. h4 Nb6 37. b3 Nxa4 38. bxa4 Ke6 39. g5 hxg5 40. hxg5 Rf7 41. Rh1 Rc3 42. Rh8 Ra3 43. Re8+ Re7 44. Rxe5+ Kxe5 45. Rxe7+ Kf5 46. Rd7 Rxa4 47.
Rd5+ Ke6 48. Rxd4 Rxa2 49. Rc4 Kd5 50. Kf4 Ra1 51. Rc8 Rf1+ 52. Ke3 Re1+ 53. Kd2 Rg1 54.
Ra8 Ra1 55. Ra6 a4 56. Rxg6 a3 57. Ra6 Kc5 58. g6 Rg1 59. Ke3 Kb5 60. Ra8 Rxg6 61.
Ke4 Rb6 62. d4 Ra6 63. Rb8+ Ka5 64. Rh8 a2 65. Rh1 Kb5 66. Ra1 Kc4 67. d5 Kc3 68.
d6 Kb2 69. d7 Rd6 70. Rh1 Rxd7 71. Ke5 a1=Q 72. Rxa1 Kxa1 73. Ke6 Rd2 74. Ke5 Rxc2 75. Ke4 b3 76. Ke5 b2 77. Ke6 b1=Q 78. Ke5 Qd1 79. Ke6 Re2+ 0-1

[Event "*** Titled Tuesday Blitz"]
[Site "Chess.com"]
[Date "2021.02.09"]
[Round "2"]
[White "Kostukov_Alex"]
[Black "PotapovaM"]
[Result "1-0"]
[WhiteElo "2347"]
[BlackElo "2632"]
[TimeControl "180+1"]
[EndTime "10:20:41 PST"]
[Termination "Kostukov_Alex won by resignation"]

1. g3 d5 2. d3 Nf6 3. Bg2 c5 4. e4 e6 5. Qe2 Nc6 6. Nf3 g6 7. e5 Nd7 8. O-O Bg7 9. Bf4 O-O 10.
c4 b6 11. Nc3 Ne7 12. cxd5 Nxd5 13. Nxd5 exd5 14. e6 Qe7 15. exf7+ Rxf7 16. Rfe1 Qxe2 17. Rxe2 Ba6 18. Ng5 Nf6 19. Nxf7 Kxf7 20. Rd1 Rd8 21. b3 Ne4 22. Bxe4 dxe4 23. Rxe4 Rd7 24. Re3 Bd4 25.
Re2 Bb7 26. Ree1 Bf3 27. Rc1 Bb2 28. Rc2 Bf6 29. Re3 Bb7 30. Rd2 Bd4 31. Ree2 Bf3 32.
Re1 Bc3 33. Re3 Bxd2 34. Rxf3 Bxf4 35. Rxf4+ Ke6 36. Rf3 Ke5 37. Kf1 Kd4 38. Ke2 Kc3 39. d4+ Kb2 40. dxc5 bxc5 41. a4 Rb7 42. Rf6 Kxb3 43.
Rc6 c4 44. a5 c3 45. a6 Rd7 46. Rc8 Kc2 47. Rb8 Re7+ 48. Kf3 Kd2 49. Rb7 Re6 50. Rd7+ Ke1 51. Rxa7 Rc6 52. Re7+ Kf1 53. a7 Ra6 54.
Rc7 Ra3 55. Kg4 Kxf2 56. Rxc3 Rxa7 57. h4 Ke2 58. Kg5 Kd2 59. Rc4 Kd3 60. Rf4 Ke3 61. Kh6 Ke2 62. g4 Ke3 63. Rb4 Kf3 64. g5 Kg3 65. Rc4 Kh3 66. h5 gxh5 67. Kxh5 Kg3 68. Kh6 Kf3 69. Rc8 Rd7 70. Rh8 Rd1 71. Rxh7 Rg1 72.
g6 Kf4 73. Rf7+ Ke5 74. Rf2 Ke6 75. Kg7 Ke7 76. Kh7 Rh1+ 77. Kg8 Rg1 78. g7 Rh1 79. Re2+ Kd8 80. Kf7 Rf1+ 81. Kg8 Rh1 82. Re5 Kd7 83. Kf7 Rf1+ 84. Kg6 Rg1+ 85. Rg5 Ra1 86. g8=Q Ra6+ 87. Kg7 Rd6 88. Qf7+ Kc6 89. Rg6 1-0

[Event "*** Titled Tuesday Blitz"]
[Site "Chess.com"]
[Date "2021.02.09"]
[Round "2"]
[White "AndrewMaco"]
[Black "Noam_Vitenberg"]
[Result "1-0"]
[WhiteElo "2686"]
[BlackElo "2435"]
[TimeControl "180+1"]
[EndTime "10:20:46 PST"]
[Termination "AndrewMaco won by checkmate"]

1. e4 d6 2. d4 Nf6 3. Bd3 Nbd7 4. c3 e5 5. Nf3 c6 6. O-O Be7 7. Re1 O-O 8. Nbd2 b6 9. a4 Bb7 10. Nf1 a6 11. Ng3 Re8 12. Qc2 b5 13. h3 Bf8 14. b3 g6 15. Bb2 Bg7 16. c4 Rc8 17. c5 exd4 18. cxd6 c5 19. axb5 axb5 20. e5 Nd5 21.
Bxb5 Bc6 22. Bxc6 Rxc6 23. Nxd4 Rc8 24. Nf3 Nb4 25. Qd1 Nc6 26. Qd5 Nb4 27. Qc4 Nc6 28. Qd5 Nb4 29. Qb7 Nc2 30. Qd5 Nxe1 31. Rxe1 Nb6 32.
Qd3 c4 33. bxc4 Nxc4 34. Ba1 Qa5 35. Kh2 Red8 36. Bc3 Qa3 37. Rd1 Nxd6 38. exd6 Qxc3 39. Qe4 Qf6 40. d7 Rb8 41. h4 h5 42. Rd2 Bh6 43.
Rd5 Bf8 44. Ng5 Qe7 45. Qd3 Rb7 46. Nxh5 Bg7 47. Nxg7 Kxg7 48. Qd4+ Kg8 49. h5 Rbxd7 50. hxg6 Rxd5 51. gxf7+ Qxf7 52. Qg4 Qg7 53. f4 Rd4 54. Qe6+ Kh8 55. Qh3+ Kg8 56. Qe6+ Kf8 57. Kg3 Re8 58. Qf5+ Ke7 59. Qc5+ Rd6 60. Qc7+ Rd7 61. Qc5+ Kd8 62. Kf3 Rc7 63. Qd5+ Kc8 64. Qa8+ Kd7 65. Qd5+ Kc8 66.
Qa8+ Kd7 67. Qd5+ Ke7 68. Qe4+ Kd8 69. Qd5+ Qd7 70. Qa8+ Rc8 71. Qa5+ Qc7 72. Qd5+ Qd7 73. Qa5+ Ke7 74. Qe5+ Kf8 75. Qf6+ Kg8 76. Qg6+ Kf8 77.
Nh7+ Qxh7 78. Qxh7 Rc3+ 79. Kg4 Rcc8 80. Qf5+ Kg8 81. Qg6+ Kh8 82. Qh6+ Kg8 83. f5 Rc4+ 84. Kg5 Rc7 85. g4 Rg7+ 86. Kf4 Ra8 87. Qe6+ Kh8 88.
Qc6 Rf8 89. g5 Re7 90. g6 Rg7 91. Kg5 Rfg8 92. Qh1+ Rh7 93. Qxh7# 1-0

[Event "*** Titled Tuesday Blitz"]
[Site "Chess.com"]
[Date "2021.02.09"]
[Round "2"]
[White "MikeSailer"]
[Black "erdni1993"]
[Result "0-1"]
[WhiteElo "2190"]
[BlackElo "2420"]
[TimeControl "180+1"]
[EndTime "10:20:46 PST"]
[Termination "erdni1993 won by resignation"]

1. d4 Nf6 2. Nf3 e6 3. Bg5 c5 4. e3 h6 5. Bh4 b6 6. Bd3 Bb7 7. O-O Be7 8. a4 a6 9. c4 d6 10. a5 Nbd7 11. axb6 Qxb6 12. Qc2 g5 13. Bg3 Bxf3 14.
gxf3 h5 15. h3 g4 16. fxg4 hxg4 17. hxg4 Nxg4 18. Be4 Rb8 19. Nc3 cxd4 20. Na4 Qb3 21. Qxb3 Rxb3 22. exd4 f5 23. Bc6 Kd8 24. Bxd7 Kxd7 25.
c5 dxc5 26. Nxc5+ Bxc5 27. dxc5 Rc8 28. Rxa6 Rxc5 29. Rd1+ Rd5 30. Rxd5+ exd5 31. Rd6+ Ke7 32. Rxd5 Kf6 33. Rd6+ Kg5 34. Rd2 Nf6 35. Be5 Ne4 36. Rd8 Kg4 37. Kg2 Kg5 38. Rg8+ Kh6 39. f3 Nc5 40. Kg3 Ne6 41. Bc3 Kh5 42. Re8 f4+ 43.
Kh3 Rb6 44. Be5 Kg5 45. Rg8+ Kf5 46. Bc3 Rb7 47. Kg2 Ng5 48. Rf8+ Kg6 49. Rxf4 Rb6 50.
Rg4 Kf5 51. Bd2 Ne6 52. Bc3 Rd6 53. Re4 Rd5 54. Kg3 Rb5 55. Rb4 Rd5 56. Ra4 Rd3 57.
Ra5+ Kg6 58. Kg4 Kf7 59. f4 Rd1 60. Kf5 Nf8 61. Ra7+ Nd7 62. Bb4 Rd5+ 63. Ke4 Ke6 64. Bc3 Rd1 65. Ra6+ Kf7 66. Be5 Nc5+ 67. Kf5 Nxa6 68.
b3 Nb4 69. Bc3 Nd3 70. Be5 Rb1 71. Bd4 Rxb3 72. Ke4 Nb4 73. Bc5 Nc6 74. Kd5 Ne7+ 75.
Ke5 Rb5 76. Kd6 Nf5+ 77. Kc6 Rb1 78. Bb6 Kg6 79. Bc7 Rf1 80. Kd7 Ng3 81. Ke6 Re1+ 82. Kd5 Kf5 83. Bb8 Re4 84. Bc7 Nh5 85. Bb8 Nxf4+ 86. Kc5 Ne6+ 87. Kd5 Rd4+ 88. Kc6 Rd1 89. Bd6 Nd4+ 90. Kd5 Nb5+ 0-1

[Event "*** Titled Tuesday Blitz"]
[Site "Chess.com"]
[Date "2021.02.09"]
[Round "2"]
[White "WPWPWP-2015"]
[Black "bascheyaro"]
[Result "1/2-1/2"]
[WhiteElo "2492"]
[BlackElo "2736"]
[TimeControl "180+1"]
[EndTime "10:20:53 PST"]
[Termination "Game drawn by 50-move rule"]

1. e4 e6 2. d4 d5 3. Nc3 Bb4 4. a3 Bxc3+ 5. bxc3 c5 6. exd5 exd5 7. Nf3 Nf6 8. dxc5 O-O 9. Be2 Qa5 10. O-O Qxc3 11. Be3 Nc6 12. Bd3 Bg4 13. h3 Bh5 14. g4 Bg6 15. Rb1 d4 16. Rb3 Qa5 17. Nxd4 Nxd4 18. Bxd4 Rfd8 19. Qa1 Bxd3 20. cxd3 Qa6 21. Bxf6 gxf6 22.
d4 Rd5 23. Rfb1 Rad8 24. Rd1 b6 25. c6 Qc4 26. Qc3 Qxc3 27. Rxc3 Kf8 28. c7 Rc8 29.
Rc6 f5 30. gxf5 Rxf5 31. d5 Ke7 32. d6+ Kd7 33. Rc3 Rf6 34. Rcd3 Rg8+ 35. Kf1 Rc8 36. Rd4 b5 37. h4 a5 38. Rd5 b4 39. axb4 axb4 40.
R5d4 b3 41. Rb1 Rxd6 42. Rf4 Ke7 43. Re4+ Re6 44. Rc4 Rb6 45. Rc3 Rb7 46. Rbxb3 Rxb3 47. Rxb3 Rxc7 48. Re3+ Kf6 49. Rg3 Rc4 50. Rh3 Rg4 51. f3 Rb4 52. Kf2 h5 53. Kg3 Rb2 54. Rh1 Kf5 55.
Rc1 Rb5 56. Rc4 f6 57. Rc8 Rb1 58. Rh8 Kg6 59. Kf4 Rb4+ 60. Kg3 Ra4 61. Rg8+ Kf7 62. Rc8 Ra5 63. Rc6 Kg6 64. Rc4 Rb5 65. Kf4 Ra5 66. Rb4 Ra2 67. Re4 Ra1 68. Re3 Rb1 69.
Kg3 Kf5 70. Ra3 Rg1+ 71. Kf2 Rg7 72. Ra5+ Kg6 73. Ke3 Rc7 74. Ra4 Rc2 75. Kf4 Kg7 76. Ra5 Kg6 77. Ra8 Rc4+ 78. Kg3 Rb4 79. Ra7 Rb5 80. Rc7 Rb6 81. Rc8 Ra6 82. Rg8+ Kf5 83. Rb8 Ra7 84. Rh8 Rg7+ 85. Kf2 Kg6 86. Rd8 Re7 87.
Rd5 Ra7 88. Kg3 Ra3 89. Kf4 Ra4+ 90. Kg3 Ra1 91. Rd4 Re1 92. Kf4 Rg1 93. Ra4 Kf7 94. Ra8 Rh1 95. Kg3 Rb1 96. Rh8 Rb5 97. Rh7+ Ke6 98. Rh6 Ra5 99. Kf4 Ra4+ 100. Kg3 Ra5 101.
Rh8 Rd5 102. Rg8 Kf7 103. Rh8 Rf5 104. Rh7+ Kg6 105. Rb7 Ra5 106. Rb6 Ra4 1/2-1/2

[Event "*** Titled Tuesday Blitz"]
[Site "Chess.com"]
[Date "2021.02.09"]
[Round "2"]
[White "EugeneRougon"]
[Black "AldokhinIvan"]
[Result "1/2-1/2"]
[WhiteElo "2710"]
[BlackElo "2486"]
[TimeControl "180+1"]
[EndTime "10:21:04 PST"]
[Termination "Game drawn by 50-move rule"]

1. e4 c5 2. Nf3 e6 3. d4 cxd4 4. Nxd4 a6 5. Bd3 Qc7 6. O-O Nf6 7. Qe2 Bd6 8. Nf3 Nc6 9. Nc3 Ng4 10. h3 h5 11. Re1 Bc5 12. hxg4 hxg4 13. e5 gxf3 14.
Qxf3 Nxe5 15. Qg3 Bd4 16. Bf4 d6 17. Ne2 Ba7 18. Qxg7 Rh4 19. Qg8+ Kd7 20. Bxe5 dxe5 21. Qxf7+ Kc6 22. Qxc7+ Kxc7 23. g3 Rh6 24. Be4 Rf6 25.
Rf1 Bd7 26. Kg2 Raf8 27. f3 Bb5 28. c4 Bd7 29. Rad1 R6f7 30. Rh1 Bc5 31. Rd3 Rg7 32.
Rh5 Bd6 33. a3 Rfg8 34. b4 b6 35. Rc3 Bc8 36. c5 bxc5 37. bxc5 Be7 38. Rd3 Bf6 39. Nc3 Be7 40. Ne2 Bxc5 41. Rxe5 Bd6 42. Rc3+ Kd7 43. Rh5 Bxg3 44. Nxg3 Rxg3+ 45. Kf2 R3g5 46. Rh7+ R5g7 47.
Rxg7+ Rxg7 48. Ke3 Kd8 49. Rd3+ Rd7 50. Rxd7+ Kxd7 51. Kd4 Kd6 52. f4 a5 53. Bd3 Bd7 54.
Bc4 Bc6 55. Ba2 Bb5 56. Bb3 Bc6 57. Bc4 Bd7 58. Bd3 Bc6 59. Bg6 Bb5 60. Bf7 Bc6 61.
Bg8 Bd7 62. Ke4 Bc6+ 63. Kd4 Bd7 64. Bh7 Bc6 65. Bd3 Bd7 66. Bc4 Bc6 67. Ba2 Bd7 68.
Ke4 Bc6+ 69. Ke3 Bd7 70. Kf3 Kc5 71. Ke4 Kd6 72. Kd4 Bc6 73. Bb1 Bd7 74. Bd3 Bc6 75. Be4 Bd7 76. Bb7 Be8 77. Kc4 Bd7 78.
Ba6 Bc6 79. Bb5 Bd5+ 80. Kd4 Bb7 81. Ba4 Ba6 82. Be8 Bf1 83. Bg6 Be2 84. Be4 Bf1 85. Kc3 Ba6 86. Kd4 Bf1 87. Bc2 Ba6 88. Bb3 Bf1 89.
Ba4 Be2 90. Bb3 Ba6 91. Bc4 Bb7 92. Bb5 Bc8 93. Bd3 Bb7 94. Be4 Ba6 95. Bf3 Bb5 96. Bd1 Ba6 97. Bb3 Bb5 98. Ba2 Ba6 99. Bb1 Bb5 100.
Bc2 Ba6 101. Ba4 Bf1 102. Be8 Be2 1/2-1/2

[Event "*** Titled Tuesday Blitz"]
[Site "Chess.com"]
[Date "2021.02.09"]
[Round "2"]
[White "Nesty_Javi_Chess"]
[Black "ukchessbomber"]
[Result "1/2-1/2"]
[WhiteElo "2649"]
[BlackElo "2408"]
[TimeControl "180+1"]
[EndTime "10:21:09 PST"]
[Termination "Game drawn by repetition"]

1. e4 e5 2. Nf3 Nc6 3. d4 exd4 4. Bc4 Nf6 5. O-O Nxe4 6. Re1 d5 7. Bxd5 Qxd5 8.
Nc3 Qh5 9. Nxe4 Be7 10. Bg5 Be6 11. Bxe7 Kxe7 12. Nxd4 Qxd1 13. Raxd1 Nxd4 14. Rxd4 Rad8 15. Ra4 a6 16. Nc5 Rd5 17. Nxe6 fxe6 18. Rae4 Rd6 19.
h4 Re8 20. Rg4 g6 21. h5 Kf6 22. Re3 Rd5 23. hxg6 hxg6 24. Rf3+ Kg7 25. Rc3 c6 26. g3 Rf8 27. Rb4 Rf7 28. Rcb3 b5 29. Rc3 c5 30. Re4 Rf6 31. Rce3 Kf7 32. Re2 Rd1+ 33.
Kg2 Ra1 34. a3 Ra2 35. b4 Rxa3 36. bxc5 Rc3 37. Re5 b4 38. g4 a5 39. Kf1 a4 40.
g5 Rf5 41. Rxe6 Rxg5 42. Re7+ Kf8 43. Re8+ Kf7 44. R2e7+ Kf6 45. Ra7 b3 46. Rf8+ Ke6 47. cxb3 axb3 48. Rb7 Rgxc5 49. Rg8 Rc1+ 50. Kg2 Rg5+ 51.
Kf3 Rc3+ 52. Ke2 Rg1 53. Kd2 Rc2+ 54. Ke3 b2 55. Rgb8 Rb1 56. Rb6+ Kd5 57. Rd8+ Kc5 58. Rdb8 Kd5 59. f4 Rc3+ 60. Kd2 Rh3 61. Rb5+ Kc6 62.
Rb4 Rbh1 63. Rxb2 R1h2+ 64. Kc1 Rh1+ 65. Kc2 R1h2+ 66. Kb1 Rxb2+ 67. Kxb2 Rh4 68. Rg8 Rxf4 69. Rxg6+ Kb5 70. Rg2 Kb4 71. Rc2 Rf3 72. Rh2 Rg3 73. Rc2 Rh3 74. Rg2 Rf3 75. Rg4+ Kb5 76. Rg2 Kb4 77. Rg4+ Kb5 78. Rh4 Rg3 79. Rh5+ Kc4 80.
Rh4+ Kd3 81. Rh8 Rg2+ 82. Kb3 Rg1 83. Rd8+ Ke4 84. Kc2 Rg2+ 85. Kc3 Rg7 86. Re8+ Kd5 87. Re1 Rc7+ 88. Kb4 Ra7 89. Rd1+ Kc6 90. Rh1 Kb6 91. Rh6+ Kc7 92. Kb5 Rb7+ 93. Kc5 Kb8 94. Rh1 Rc7+ 95. Kb6 Rb7+ 96. Kc6 Rc7+ 97. Kd6 Rc2 98. Rb1+ Ka8 99.
Kd7 Ka7 100. Kd6 Ka8 101. Kd5 Ka7 102. Kd4 Rc8 103. Kd5 Rd8+ 104. Kc6 Rc8+ 105. Kd7 Rc2 106. Ra1+ Kb7 107. Rb1+ Ka7 1/2-1/2

[Event "*** Titled Tuesday Blitz"]
[Site "Chess.com"]
[Date "2021.02.09"]
[Round "2"]
[White "Aisen1011"]
[Black "davidkalashian"]
[Result "0-1"]
[WhiteElo "2161"]
[BlackElo "2596"]
[TimeControl "180+1"]
[EndTime "10:21:18 PST"]
[Termination "davidkalashian won by resignation"]

1. d4 Nf6 2. c4 e6 3. Nf3 b6 4. g3 Ba6 5. b3 Bb4+ 6. Bd2 Be7 7. Bg2 c6 8. Nc3 d5 9. O-O O-O 10. Ne5 Nfd7 11. Bf4 Nxe5 12. Bxe5 Nd7 13. Rc1 Nxe5 14. dxe5 dxc4 15. Bxc6 Rc8 16. Bb5 Bxb5 17. Nxb5 a6 18.
Nd6 Bxd6 19. exd6 c3 20. Qd4 c2 21. Qd3 b5 22. Rxc2 Rxc2 23. Qxc2 Qxd6 24. Rd1 Qe5 25. Qd2 h5 26. h4 g6 27. e3 Rc8 28. Qd6 Qxd6 29.
Rxd6 a5 30. Ra6 b4 31. Rxa5 Rc2 32. Ra4 Kg7 33. Rxb4 Rxa2 34. Rb7 Rb2 35. b4 Kf6 36. b5 e5 37. Kg2 Ke6 38. Rb6+ Kf5 39. Rb7 f6 40. Rb8 g5 41. hxg5 fxg5 42. b6 Kg4 43. b7 e4 44. Re8 Rxb7 45. Rxe4+ Kf5 46. Rd4 Ra7 47. Kf3 Ra2 48. Rd5+ Kf6 49. Rb5 Kg6 50. Rb6+ Kf5 51. Rb5+ Kg6 52. Rc5 Rb2 53. Kg2 Ra2 54. Kf1 Rb2 55. e4 Rb4 56. Re5 Kf6 57. Rf5+ Kg6 58. f3 Rb2 59. Re5 Ra2 60. Re6+ Kf7 61. Rb6 Kg7 62. Rb7+ Kg6 63. Rb6+ Kg7 64. Rb7+ Kg6 65.
Rb6+ Kh7 66. f4 g4 67. Rb5 Kh6 68. Rb6+ Kg7 69. e5 Ra3 70. Kf2 Ra2+ 71. Ke3 Ra3+ 72. Ke4 Rxg3 73. Kf5 h4 74. Rb7+ Kh6 75. e6 h3 76. e7 Re3 77. Kf6 h2 78. Rb8 Kh7 79. Rb7 Kh6 80. Rb8 Kh7 81. Rb7 h1=Q 82. e8=Q+ Qxb7 83. Qg6+ Kh8 84. Qh6+ Kg8 85. Qg6+ Kf8 86. Qh6+ Ke8 87. Qh8+ Kd7 88. Qg7+ Kc6 89. Qxg4 Qe7+ 90. Kg6 Qe8+ 91. Kf6 Qf8+ 92. Kg5 Qg7+ 93. Kf5 Qxg4+ 94.
Kxg4 Kd7 95. Kf5 Ke8 96. Kg6 Kf8 97. f5 Ra3 98. Kf6 Ra6+ 99. Kg5 Kf7 0-1

[Event "*** Titled Tuesday Blitz"]
[Site "Chess.com"]
[Date "2021.02.09"]
[Round "2"]
[White "DrMamaliga"]
[Black "RobertoJBM"]
[Result "0-1"]
[WhiteElo "2332"]
[BlackElo "2721"]
[TimeControl "180+1"]
[EndTime "10:21:23 PST"]
[Termination "RobertoJBM won by resignation"]

1. c4 c6 2. Nf3 d5 3. e3 Nf6 4.
Nc3 a6 5. b3 Bf5 6. Bb2 e6 7. Be2 h6 8. O-O Nbd7 9. d4 Bd6 10.
Bd3 Ne4 11. Qc2 Ndf6 12. Nd2 Nxd2 13. Qxd2 Bxd3 14. Qxd3 O-O 15. e4 dxe4 16. Nxe4 Nxe4 17. Qxe4 Qf6 18. Rab1 Qe7 19. Rfe1 Rfe8 20. Rbd1 Rad8 21. g3 a5 22. Re2 a4 23. Rde1 Bb4 24. Rd1 axb3 25.
axb3 Qd7 26. Qe5 Bd6 27. Qe3 b5 28. cxb5 cxb5 29. d5 e5 30. Rc2 Bf8 31. Qb6 Qf5 32. Rcd2 Bb4 33. Rd3 e4 34. Qd4 Bf8 35. Re3 Re7 36.
d6 Re6 37. Ba3 Rd7 38. Qc5 Qxc5 39. Bxc5 f5 40. f3 Bxd6 41. Bxd6 Rexd6 42. Rxd6 Rxd6 43. fxe4 Re6 44. e5 Kf7 45. Kf2 Rc6 46. Kf3 Ke6 47.
Rd3 Kxe5 48. Re3+ Kf6 49. Rd3 Re6 50. Rd5 Re5 51. Rd6+ Re6 52. Rd5 Rb6 53. b4 g5 54.
Rc5 Kg6 55. Rd5 Kf6 56. Rc5 Ke6 57. Ke3 h5 58. Kf3 Kf6 59. h4 gxh4 60. gxh4 Kg6 61.
Kf4 Rd6 62. Rxb5 Rd4+ 63. Kf3 Rxh4 64. Rb6+ Kg5 65. b5 Rb4 66. Rb8 Rb3+ 67. Kg2 h4 68. b6 h3+ 69. Kh2 Kg4 70. Rg8+ Kf4 71. Rh8 Rxb6 72. Rxh3 Rg6 73. Ra3 Ke4 74. Ra4+ Ke3 75. Ra3+ Kf4 76. Ra4+ Kf3 77. Ra3+ Kf4 78. Ra4+ Kg5 79.
Kg3 Rc6 80. Ra3 Rc4 81. Rb3 Rg4+ 82. Kf3 Ra4 83. Rc3 Rh4 84. Kg3 f4+ 85. Kf2 Kg4 86.
Rc8 Rh2+ 87. Kf1 Ra2 88. Rc3 Rb2 89. Rd3 Rb8 90. Ra3 Re8 91. Rc3 Re7 92. Ra3 Rh7 93.
Rd3 Rh6 94. Rc3 Rd6 95. Kf2 Rd2+ 96. Kf1 Rh2 97. Ra3 Rc2 98. Rb3 Kf5 99. Rb5+ Ke4 100. Rb4+ Ke3 101. Rb3+ Kd4 102. Rb4+ Ke5 103. Rb3 Kf5 104. Rb5+ Kg4 105. Rb3 Rc5 106. Rb4 Kg3 107. Rb3+ f3 108. Rb1 Rh5 109. Kg1 f2+ 0-1

[Event "*** Titled Tuesday Blitz"]
[Site "Chess.com"]
[Date "2021.02.09"]
[Round "3"]
[White "rasmussvane"]
[Black "Kovalchuk94"]
[Result "1-0"]
[WhiteElo "2886"]
[BlackElo "2640"]
[TimeControl "180+1"]
[EndTime "10:23:01 PST"]
[Termination "rasmussvane won by resignation"]

1. Nf3 Nf6 2. g3 g6 3. Bg2 Bg7 4. O-O O-O 5. d4 d5 6. c4 c6 7.
Qb3 Qb6 8. Nc3 Rd8 9. Bd2 h6 10. Na4 Qxb3 11. axb3 Ne4 12. Nb6 Nxd2 13. Nxd2 axb6 14.
Rxa8 Na6 15. cxd5 cxd5 16. Rc1 1-0

[Event "*** Titled Tuesday Blitz"]
[Site "Chess.com"]
[Date "2021.02.09"]
[Round "3"]
[White "Astaneh"]
[Black "publicaccountcze"]
[Result "1-0"]
[WhiteElo "2640"]
[BlackElo "2263"]
[TimeControl "180+1"]
[EndTime "10:23:10 PST"]
[Termination "Astaneh won by resignation"]

1. d4 d5 2. Bf4 e6 3. e3 Nf6 4. c4 c5 5. Nc3 Bd6 6. dxc5 Bxf4 7.
exf4 dxc4 8. Qxd8+ Kxd8 9. O-O-O+ Ke7 10. Bxc4 Ne4 11. Nxe4 1-0

[Event "*** Titled Tuesday Blitz"]
[Site "Chess.com"]
[Date "2021.02.09"]
[Round "3"]
[White "Vusatiuk_Vladimir"]
[Black "shineatchess"]
[Result "0-1"]
[WhiteElo "2351"]
[BlackElo "2210"]
[TimeControl "180+1"]
[EndTime "10:23:24 PST"]
[Termination "shineatchess won by resignation"]

1. d4 d5 2. c4 e6 3. Nc3 Nf6 4. cxd5 exd5 5. Bg5 c6 6. e3 Bd6 7. Bd3 O-O 8. Nf3 Bg4 9. Ne5 Bxd1 10. Rxd1 h6 11. Bh4 g5 12. Bg3 Nh5 0-1

[Event "*** Titled Tuesday Blitz"]
[Site "Chess.com"]
[Date "2021.02.09"]
[Round "3"]
[White "03revilo"]
[Black "starplatinum2030"]
[Result "0-1"]
[WhiteElo "2314"]
[BlackElo "2133"]
[TimeControl "180+1"]
[EndTime "10:23:54 PST"]
[Termination "starplatinum2030 won by resignation"]

1. e4 c5 2. Nf3 e6 3. d4 cxd4 4. Nxd4 Nc6 5. Nc3 Qc7 6. Qd3 a6 7. Nxc6 dxc6 8. Qg3 Qb6 9. Bd3 Nf6 10. O-O h5 11. e5 Nd5 12. Nxd5 cxd5 13. Be3 Qxb2 14. Rfb1 Qc3 15. Bb6 Bd7 16. Rb3 Qxa1+ 0-1

[Event "*** Titled Tuesday Blitz"]
[Site "Chess.com"]
[Date "2021.02.09"]
[Round "3"]
[White "GigaQuparadze"]
[Black "nochewycandy"]
[Result "1-0"]
[WhiteElo "2912"]
[BlackElo "2668"]
[TimeControl "180+1"]
[EndTime "10:24:14 PST"]
[Termination "GigaQuparadze won by resignation"]

1. e4 e5 2. Nf3 Nc6 3. Bb5 a6 4. Ba4 Nf6 5. Nc3 b5 6. Bb3 Be7 7. d3 d6 8. Nd5 Na5 9. Nxe7 Qxe7 10. Bg5 h6 11. Bh4 Nxb3 12. axb3 O-O 13. h3 g5 14. Bg3 Ne8 15. h4 g4 16. Nh2 h5 17. f3 f5 18. exf5 Bxf5 19. fxg4 hxg4 20.
O-O Ng7 21. Nxg4 Qe6 22. Ne3 Bg6 23. Rxf8+ Kxf8 24. Qf3+ 1-0